 Dungeon Crawl Stone Soup version 0.29.1-1-gd02db6906a (webtiles) character file.

Game seed: 11665291659958343789

9 hikkokomori the Sneak (level 2, -25/24 HPs)
             Began as a Formicid Delver on Oct 6, 2022.
             Annihilated by an ogre
             ... wielding a +0 giant club
              (26 damage)
             ... on level 4 of the Dungeon.
             The game lasted 00:01:16 (416 turns).

hikkokomori the Sneak (Formicid Delver)              Turns: 416, Time: 00:01:17

Health: -25/24     AC:  3    Str: 16    XL:     2   Next: 25%
Magic:  2/2        EV: 12    Int:  9    God:
Gold:   8          SH:  0    Dex: 15    Spells: 1/1 levels left

rFire   . . .      SeeInvis +   a - +0 hand axe
rCold   . . .      Faith    .   (no shield)
rNeg    . . .      Spirit   .   b - +0 leather armour
rPois   .          Reflect  .   (helmet unavailable)
rElec   .          Harm     .   (no cloak)
rCorr   .          Rampage  .   (no gloves)
Will    .....                   (no boots)
Stlth   +++.......              (no amulet)
HPRegen 0.08/turn               (no ring)
MPRegen 0.08/turn               (no ring)

@: no status effects
A: permanent stasis, dig shafts and tunnels, antennae 3, four strong arms
a: Dig, Shaft Self


You were on level 4 of the Dungeon.
You visited 1 branch of the dungeon, and saw 2 of its levels.

You collected 8 gold pieces.

Inventory:

Hand Weapons
 a - a +0 hand axe (weapon)
Armour
 b - a +0 leather armour (worn)
Wands
 f - a wand of digging (3)
Scrolls
 c - a scroll of fog
 d - a scroll of magic mapping
 e - a scroll of fear


   Skills:
 + Level 3.5 Fighting
 + Level 2.2 Axes
 + Level 2.0 Dodging
 + Level 6.1 Stealth


You had one spell level left.
You didn't know any spells.
Your spell library contained the following spells:

 Spells                   Type           Power      Damage    Failure   Level
 Necrotise                Necr           0%         1d4       45%         1
 Vampiric Draining        Necr           0%         2d6       83%         3
 Agony                    Necr           0%         N/A       100%        5


Dungeon Overview and Level Annotations

Branches:
Dungeon (5/15)
 Temple: D:4-7

Altars:


Innate Abilities, Weirdness & Mutations

You cannot be hasted, slowed, berserked, paralysed or teleported.
You can dig through walls and to a lower floor.
You have a pair of large antennae on your head. (SInv)
Your four strong arms can wield two-handed weapons with a shield.


Message History

You have reached level 2!
HP restored.
You pick up a book of Necromancy and begin reading...
You add the spells Necrotise, Vampiric Draining and Agony to your library.
A dart slug comes into view.
A ball python comes into view.
The dart slug barely misses you.
You slash the dart slug!
The dart slug is severely wounded.
An ogre comes into view. It is wielding a +0 giant club.
The ogre shouts!
You hit the dart slug.
You kill the dart slug!
Your Dodging skill increases to level 2!
You aren't carrying any potions.
Okay, then.
You see here a ring of flight.
You hit the ogre.
The ogre is moderately wounded.
The ogre hits you with a +0 giant club!!
Ouch! That really hurt!
* * * LOW HITPOINT WARNING * * *
The ball python hisses angrily.
You hit the ogre but do no damage.
The ogre is moderately wounded.
The ogre closely misses you.
You hit the ogre. You punch the ogre.
The ogre is moderately wounded.
You barely miss the ogre.
The ogre is moderately wounded.
The ogre barely misses you. The ball python misses you.
The ball python grabs you. The ball python constricts you.
* * * LOW HITPOINT WARNING * * *
You slash the ogre!
The ogre is heavily wounded.
You hit the ball python.
You kill the ball python!
The ogre hits you with a +0 giant club!!
Ouch! That really hurt!
You die...

#.......#
#.......##
#........#
#........#
#........#
#........#
#........#
#.....†..#
#..@.....#
#..O.....#
##.......#
#.....###
##..####
#..## #.##
###
##.###...
##.##.....


You could see an ogre.

Vanquished Creatures
  A dart slug (D:4)
  A ball python (D:4)
  An endoplasm (D:4)
  4 jackals (D:4)
7 creatures vanquished.

Notes
Turn   | Place    | Note
-------+----------+-------------------------------------------
     0 | D:5      | hikkokomori the Formicid Delver began the quest for the
                  | Orb.
     0 | D:5      | Reached XP level 1. HP: 18/18 MP: 1/1
    29 | D:5      | Noticed a phantom
   167 | D:4      | Reached XP level 2. HP: 9/24 MP: 2/2
   406 | D:4      | Noticed an ogre
   415 | D:4      | HP: 1/24 [constriction (1)]
   416 | D:4      | Annihilated by an ogre

Illustrated notes

Levels and vault maps discovered:
D:4:      layout_cave_pods, minitemple
D:5:      layout_basic, xom_butterflies, serial_bayou, serial_bayou_lagoon_a,
          serial_bayou_pond_c, serial_bayou_pond_e, serial_bayou_shore_b,
          uniq_edmund, uniq_menkaure, uniq_eustachio

Skill      XL: |  1  2 |
---------------+-------+-----
Dodging        | 2 |  2.0
Fighting       | |  3.5
Axes           | |  2.2
Stealth        | |  6.1

Action                   || total
-------------------------++-------
Melee: Hand axe          ||    27
       Punch             ||     1
 Abil: Dig               ||     1
Armor: Leather armour    ||     6
Dodge: Dodged            ||    19
